 Dungeon Crawl Stone Soup version 0.24-a0-263-gbee43f9 (webtiles) character file.

Game seed: 12916186778829851549

1819 Hylith the Shield-Bearer (level 8, -1/68 HPs)
             Began as a Demigod Fighter on Apr 19, 2019.
             Slain by a worker ant (3 damage)
             ... on level 4 of the Dungeon.
             The game lasted 00:23:53 (6914 turns).

Hylith the Shield-Bearer (Demigod Fighter)          Turns: 6914, Time: 00:23:55

Health: -1/68      AC:  8    Str: 27    XL:     8   Next: 55%
Magic:  16/16      EV:  9    Int: 16    God:
Gold:   206        SH: 12    Dex: 19    Spells: 13/13 levels left

rFire    + . .     SeeInvis .   a - +0 flail
rCold    . . .     Gourm    .   c - +0 shield
rNeg     . . .     Faith    .   h - +4 robe of Augmentation {Str+4 Int+4 Dex+4}
rPois    .         Spirit   .   (helmet restricted)
rElec    .         Reflect  .   g - +0 cloak
rCorr    .         Harm     .   t - +0 pair of gloves
MR       .....                  (no boots)
Stlth    ++........             (no amulet)
HPRegen  0.21/turn              l - ring of protection from fire
MPRegen  0.15/turn              (no ring)

@: lethally poisoned (-1 -> -4)
A: claws 1, horns 1, blurry vision 1, high mp 1, mutation resistance 1
a: no special abilities


You were on level 4 of the Dungeon.
You were not hungry.

You visited 1 branch of the dungeon, and saw 5 of its levels.

You collected 206 gold pieces.

Inventory:

Hand Weapons
 a - a +0 flail (weapon)
Missiles
 d - 4 tomahawks of returning (quivered)
Armour
 c - a +0 shield (worn)
 g - a +0 cloak (worn)
 h - the +4 robe of Augmentation (worn) {Str+4 Int+4 Dex+4}
   (You found it on level 4 of the Dungeon)

   It affects your strength (+4).
   It affects your intelligence (+4).
   It affects your dexterity (+4).
 o - a +0 large shield
 r - a +0 helmet
 t - a +0 pair of gloves (worn)
Jewellery
 l - a ring of protection from fire (left hand)
Wands
 w - a wand of iceblast (3)
Scrolls
 i - a scroll of blinking {unknown}
 j - a scroll of noise {unknown}
 k - 2 scrolls of enchant weapon {unknown}
 m - 3 scrolls of teleportation {unknown}
 n - a scroll of enchant armour {unknown}
 p - 2 scrolls of random uselessness {unknown}
 q - a scroll of fear {unknown}
 u - a scroll of magic mapping {unknown}
 x - a scroll of amnesia {unknown}
 y - a scroll of identify {unknown}
Potions
 b - a potion of haste {unknown}
 e - a potion of degeneration
 s - a potion of magic
 z - a potion of curing {unknown}
 A - 2 potions of lignification
Comestibles
 f - 7 rations


   Skills:
 + Level 5.2 Fighting
 + Level 4.7 Maces & Flails
 - Level 4.3 Armour
 * Level 6.0 Shields
 + Level 3.4 Spellcasting
 + Level 3.2 Evocations


You had 13 spell levels left.
You didn't know any spells.
Your spell library contained the following spells:

 Spells                   Type           Power        Failure   Level  Hunger
 Confusing Touch          Hex            #.....       50%         1    None
 Corona                   Hex            #......      50%         1    None
 Ensorcelled Hibernation  Hex/Ice        #.....       65%         2    ##.....
 Confuse                  Hex            #.......     86%         3    ###....
 Dazzling Spray           Conj/Hex       #.....       86%         3    ###....
 Gell's Gravitas          Tloc           #.........   86%         3    ###....
 Tukima's Dance           Hex            #.......     86%         3    ###....
 Petrify                  Tmut/Erth      #.......     99%         4    ####...
 Metabolic Englaciation   Hex/Ice        #.........   100%        5    ######.
 Yara's Violent Unravell  Hex/Tmut       #.........   100%        5    ######.


Dungeon Overview and Level Annotations

Branches:
Dungeon (5/15)             Temple (0/1) D:4

Shops:
D:5 [


Innate Abilities, Weirdness & Mutations

You have an increased reservoir of magic. (+10% MP)
You have sharp fingernails.
You have a pair of small horns on your head.
Scrolls take you a little longer to read.
You are somewhat resistant to further mutation.


Message History

You closely miss the worker ant.
The worker ant bites you but does no damage.
You closely miss the worker ant. The worker ant bites you.
* * * LOW HITPOINT WARNING * * *
You thump the worker ant!
The worker ant is heavily wounded.
The worker ant closely misses you. The worker ant barely misses you.
You hit the worker ant.
The worker ant is severely wounded.
The worker ant bites you.
* * * LOW HITPOINT WARNING * * *
You are lethally poisoned!
The worker ant poisons you!
It was a potion of mutation.
You feel extremely strange. A pair of horns grows on your head!
Your +0 helmet falls away!
Your vision blurs.
Your fingernails lengthen.
You feel genetically stable.
* * * LOW HITPOINT WARNING * * *
You feel sick. The worker ant barely misses you. The worker ant bites you.
You die...

#............##### #)# ####.#####
##...######......# #.###.........
##)## ##.###.# #........##### #.#
#.# #.# #..##.#..### # #.#
#.###.###..##......# # ##'##
#................#.# ##...##
#####.####.####.##.# #.....##
####a# #.####.##.## .......##
##.##@# #..........##
........####...#.######.##.....##
...(....'.......................'
........####...#.######.##.....##
.......## ##.##.## #.##.....##
#.....## ###...# #.##..#..#
##...## ###.#.### #........#
##[## ##...#...# ####..##.# ###.#
#..#####.# #.....#


You could see a worker ant.

Vanquished Creatures
  Eustachio (D:5)
  Menkaure (D:5)
  Edmund (D:4)
  Duvessa (D:3)
  Purgy (D:4)
  2 ice beasts (D:5)
  2 ogres
  A centaur (D:5)
  A bullfrog (D:3)
  Dowan (D:3)
  2 howler monkeys (D:4)
  A hound (D:4)
  A bullfrog skeleton (D:4)
  An orc priest (D:4)
  7 orc wizards
  Jessica (D:2)
  6 worker ants
  2 hound skeletons (D:5)
  3 gnolls (D:2)
  9 adders
  3 worms
  A dart slug (D:1)
  2 leopard geckos
  18 orcs
  3 ball pythons
  4 giant cockroaches
  5 goblins
  8 hobgoblins
  4 jackals (D:3)
  3 quokkas
  7 bats
  5 frilled lizards
  2 kobolds
  8 rats
118 creatures vanquished.

Vanquished Creatures (others)
  An orc wizard (D:4)
1 creature vanquished.

Grand Total: 119 creatures vanquished

Notes
Turn   | Place    | Note
-------+----------+-------------------------------------------
     0 | D:1      | Hylith the Demigod Fighter began the quest for the Orb.
     0 | D:1      | Reached XP level 1. HP: 18/18 MP: 3/3
   314 | D:1      | Reached XP level 2. HP: 25/25 MP: 4/4
   762 | D:1      | Reached skill level 3 in Shields
   841 | D:2      | Reached XP level 3. HP: 14/31 MP: 5/5
  1159 | D:2      | Noticed Jessica
  1161 | D:2      | Killed Jessica
  1422 | D:2      | Reached XP level 4. HP: 34/38 MP: 6/6
  1694 | D:2      | Found a faded altar of an unknown god.
  1740 | D:2      | Found an opulent altar of Gozag.
  2105 | D:3      | Noticed a bullfrog
  2111 | D:3      | Killed a bullfrog
  2111 | D:3      | Reached XP level 5. HP: 42/45 MP: 6/8
  2559 | D:3      | Found a glowing silver altar of Zin.
  2812 | D:3      | Reached skill level 1 in Spellcasting
  2977 | D:4      | Reached skill level 4 in Shields
  2981 | D:4      | Found a staircase to the Ecumenical Temple.
  3085 | D:4      | Noticed an ogre
  3101 | D:4      | Killed an ogre
  3102 | D:4      | Reached XP level 6. HP: 26/52 MP: 10/10
  3124 | D:4      | Noticed Purgy
  3267 | D:4      | Killed Purgy
  3619 | D:4      | Found a hazy altar of Hepliaklqana.
  3620 | D:4      | Found an ornate altar of the Wu Jian Council.
  3620 | D:4      | Found a shadowy altar of Dithmenos.
  3634 | D:4      | Reached skill level 1 in Evocations
  3815 | D:4      | Found a deep blue altar of Sif Muna.
  3858 | D:4      | Reached XP level 7. HP: 58/59 MP: 12/12
  3865 | D:4      | Noticed Duvessa
  3871 | D:4      | Noticed Dowan
  4076 | D:3      | Killed Duvessa
  4076 | D:3      | Reached skill level 5 in Shields
  4088 | D:3      | Killed Dowan
  4283 | D:4      | Found the +4 robe of Augmentation {Str+4 Int+4 Dex+4}
  4308 | D:4      | Found a hide-covered altar of Uskayaw.
  4878 | D:4      | Got a translucent leather armour
  5009 | D:5      | Entered Level 5 of the Dungeon
  5009 | D:5      | Noticed Menkaure
  5009 | D:5      | Noticed Edmund
  5020 | D:4      | HP: 1/60 [Edmund/+2 dire flail of protection (9)]
  5022 | D:4      | Killed Edmund
  5324 | D:4      | Identified the +0 leather armour "Gobecaap" {rN+ MR+ Slay-4
                  | Stlth+} (You found it on level 4 of the Dungeon)
  5567 | D:5      | Killed Menkaure
  5567 | D:5      | Reached XP level 8. HP: 25/67 MP: 13/15
  6034 | D:5      | Found Zeskoado's Antique Armour Boutique.
  6170 | D:5      | Noticed Eustachio
  6257 | D:5      | Killed Eustachio
  6257 | D:5      | Reached skill level 5 in Fighting
  6698 | D:5      | Reached skill level 6 in Shields
  6913 | D:4      | HP: 3/68 [worker ant (6)]
  6914 | D:4      | Gained mutation: You have a pair of small horns on your
                  | head. [potion of mutation]
  6914 | D:4      | Gained mutation: Scrolls take you a little longer to read.
                  | [potion of mutation]
  6914 | D:4      | Gained mutation: You have sharp fingernails. [potion of
                  | mutation]
  6914 | D:4      | Gained mutation: You are somewhat resistant to further
                  | mutation. [potion of mutation]
  6914 | D:4      | Slain by a worker ant

Levels and vault maps discovered:
D:1:      arrival_zaba_pyramid, layout_basic
D:2:      layout_basic, nicolae_overflow_hidden_temple,
          chequers_ecumenical_altar_simple_redux, kennysheep_nub, uniq_jessica
D:3:      layout_loops_ring, zin_statuary, first_ration
D:4:      layout_loops_corners, kennysheep_mini_moat,
          grunt_temple_overflow_open, minmay_temple_entry_wispy, uniq_duvessa,
          uniq_purgy
D:5:      layout_loops_cross, serial_shops, nicolae_shop_crystal,
          uniq_eustachio, uniq_menkaure, uniq_edmund

Skill      XL: |  1  2  3  4  5  6  7  8 |
---------------+-------------------------+-----
Maces & Flails | 2 3 4 |  4.7
Armour         | 3 4 |  4.3
Shields        | 3 4 5 6 |  6.0
Fighting       | 3 4 5 |  5.2
Spellcasting   | 1 2 3 |  3.4
Evocations     | 1 2 3 |  3.2

Action                   |  1- 3 |  4- 6 |  7- 9 || total
-------------------------+-------+-------+-------++-------
Melee: Flail             |   110 |   172 |   308 ||   590
Evoke: Wand              |       |     2 |     4 ||     6
  Use: Potion            |     1 |     1 |     5 ||     7
 Stab: Sleeping          |       |       |     3 ||     3
  Eat: Chunk             |     2 |     8 |     7 ||    17
       Ration            |       |       |     1 ||     1
Armor: Scale mail        |    47 |   106 |    40 ||   193
       Skin              |       |       |    28 ||    28
       Robe              |       |       |    76 ||    76
Dodge: Dodged            |    35 |    68 |   110 ||   213
Block: Shield            |    54 |    97 |   226 ||   377

Table legend:
 A = Non-vault XP
 B = Vault XP
 C = Vault XP percentage of total XP
 D = Non-vault monster count
 E = Vault monster count
 F = Vault count percentage of total count
                 A         B        C        D         E       F
            +---------+---------+-------+---------+---------+-------
      Total |    1740 |     859 |  33.1 |     112 |       7 |   5.9
            +---------+---------+-------+---------+---------+-------
        D:1 |      46 |       0 |   0.0 |      20 |       0 |   0.0
        D:2 |     145 |      37 |  20.3 |      25 |       1 |   3.8
        D:3 |     193 |     223 |  53.6 |      17 |       2 |  10.5
        D:4 |     709 |     224 |  24.0 |      31 |       2 |   6.1
        D:5 |     647 |     375 |  36.7 |      19 |       2 |   9.5
            +---------+---------+-------+---------+---------+-------
